AoeStats
← TurboNugget

Arena

509676374Analyzed
4v4 RM · 4d ago on Sep 27, 2026· 41m 1s· 8 players
Game mode
Random Map
Map size
Large (8 player)
Population
200
Speed
Normal
Resources
Standard
Victory
Conquest
Starting age
Dark Age
Ending age
Imperial Age
RankedLock teamsTeams togetherTeam positionsShared explorationLock speedFull tech treeHidden civsTurbo modeCheats
Victory
Defeat
🇲🇽 Italians · Mexico
1065
+14
🇨🇱 Lithuanians · Chile
1048
+14
🇲🇽 Japanese · Mexico
1027
+15
🇨🇱 Khmer · Chile
1022
+16
🇹🇼 Byzantines · Taiwan
1092
-18
🇹🇼 Mongols · Taiwan
1007
-15
🇭🇷 Khmer · Croatia
979
-13
🇪🇸 Koreans · Spain
978
-13
Cheo
10:49 Feudal Age
12:04 Wheelbarrow
11:16 Double-Bit Axe
11:23 Gold Mining
11:15 Horse Collar
18:28 Castle Age
16:26 Stone Mining
19:25 Hand Cart
19:21 Bow Saw
19:12 Heavy Plow
23:07 Treadmill Crane
27:47 Fortified Wall
27:47 Masonry
28:14 Murder Holes
28:36 Fletching
29:39 Gold Shaft Mining
29:09 Loom
29:10 Town Watch
29:30 Yasama
30:17 Ballistics
30:36 Guard Tower
34:08 Imperial Age
31:39 Town Patrol
32:36 Bodkin Arrow
32:43 Scale Mail Armor
32:53 Forging
34:51 Bracer
35:06 Chain Mail Armor
35:27 Iron Casting
35:31 Keep
34:41 Arrowslits
35:57 Chemistry
35:03 Siege Engineers
36:00 Two-Man Saw
35:24 Conscription
35:43 Hoardings
36:37 Plate Mail Armor
38:00 Blast Furnace
Huesped Maldito
11:37 Feudal Age
13:21 Double-Bit Axe
13:18 Horse Collar
17:07 Castle Age
18:06 Wheelbarrow
17:17 Town Watch
19:06 Heavy Plow
19:01 Gold Mining
25:39 Stone Mining
26:17 Bow Saw
26:01 Fletching
26:11 Padded Archer Armor
26:51 Hand Cart
27:22 Stone Shaft Mining
29:00 Bodkin Arrow
29:20 Leather Archer Armor
29:16 Forging
29:06 Scale Mail Armor
30:21 Loom
30:36 Town Patrol
33:29 Imperial Age
31:10 Scale Barding Armor
30:50 Man-at-Arms
30:50 Pikeman
31:31 Squires
31:17 Arson
32:21 Redemption
32:33 Sanctity
32:25 Treadmill Crane
32:49 Atonement
32:49 Devotion
33:05 Herbal Medicine
33:37 Ballistics
33:28 Fortified Wall
33:15 Murder Holes
33:11 Guard Tower
33:32 Masonry
33:15 Heated Shot
33:23 Guard Tower
33:24 Heated Shot
33:44 Masonry
35:34 Illumination
35:25 Block Printing
35:22 Fervor
35:33 Faith
35:49 Theocracy
36:47 Architecture
37:25 Chemistry
37:01 Keep
40:30 Cavalier
41:10 Husbandry
41:23 Bloodlines
40:34 Light Cavalry
LeFrosty
11:04 Feudal Age
14:38 Castle Age
14:44 Double-Bit Axe
14:41 Horse Collar
16:07 Bow Saw
17:36 Heavy Plow
22:25 Scale Mail Armor
23:04 Bloodlines
23:54 Husbandry
26:45 Wheelbarrow
27:54 Forging
28:39 Scale Barding Armor
29:11 Iron Casting
29:06 Hand Cart
29:19 Fervor
30:10 Chain Barding Armor
32:56 Imperial Age
30:13 Town Watch
30:13 Loom
31:43 Town Patrol
31:54 Murder Holes
33:34 Sanctity
33:20 Pikeman
34:01 Squires
33:54 Arson
34:11 Scale Mail Armor
35:09 Chain Mail Armor
34:17 Halberdier
34:45 Cavalier
36:14 Conscription
38:48 Plate Barding Armor
38:25 Gold Mining
38:25 Stone Mining
TurboNugget
12:16 Feudal Age
15:48 Castle Age
13:51 Double-Bit Axe
13:52 Horse Collar
36:44 Imperial Age
36:47 Heavy Scorpion
37:45 Double Crossbow
38:16 Bow Saw
38:00 Gold Mining
40:38 Chemistry
40:01 Gold Mining
sheya1
9:27 Feudal Age
16:10 Castle Age
14:23 Double-Bit Axe
14:55 Horse Collar
18:03 Bow Saw
18:27 Heavy Plow
18:34 Loom
19:04 Gold Mining
19:54 Wheelbarrow
20:25 Stone Mining
23:24 Forging
23:41 Bloodlines
24:35 Gold Shaft Mining
25:04 Husbandry
26:06 Stone Shaft Mining
28:26 Scale Barding Armor
36:38 Imperial Age
34:25 Hand Cart
33:59 Town Watch
34:52 Tusk Swords
36:00 Chain Barding Armor
Fruit
10:57 Feudal Age
15:53 Castle Age
15:05 Double-Bit Axe
15:02 Horse Collar
17:56 Bow Saw
EggyPorcupine
4:54 Loom
11:23 Feudal Age
11:38 Feudal Age
15:17 Castle Age
14:27 Double-Bit Axe
16:30 Scale Mail Armor
16:37 Town Watch
17:07 Stone Mining
21:28 Wheelbarrow
21:55 Bow Saw
21:37 Horse Collar
24:21 Heavy Plow
24:29 Gold Mining
27:48 Gold Shaft Mining
27:37 Fletching
27:53 Scale Barding Armor
minH0W
10:34 Feudal Age
14:52 Castle Age
12:41 Double-Bit Axe
13:02 Horse Collar
15:19 Wheelbarrow
18:52 Loom
21:37 Bow Saw
23:20 Heavy Plow
24:46 Gold Mining
25:41 Hand Cart
Connection lost

Rejoining the realm…

Still unreachable

The connection could not be restored.

Session expired

The server has moved on; the page needs a fresh start.